 Dungeon Crawl Stone Soup version 0.30-a0-618-gd6c86c23d0 (webtiles) character file.

Game seed: 11882344432276713551

4830 tsouns the Grappler (level 10, -1/88 HPs)
             Began as a Ghoul Necromancer on Jan 10, 2023.
             Was a Follower of Kikubaaqudgha.
             Slain by a meliai
             ... wielding a +0 hand axe
              (9 damage)
             ... on level 9 of the Dungeon.
             The game lasted 00:26:48 (9758 turns).

tsouns the Grappler (Ghoul Necromancer)             Turns: 9758, Time: 00:26:49

Health: -1/88      AC: 11    Str: 13    XL:     10   Next: 49%
Magic:  23/25      EV: 12    Int: 14    God:    Kikubaaqudgha [*.....]
Gold:   534        SH:  0    Dex:  9    Spells: 9/19 levels left

rFire   + . .      SeeInvis +      - Unarmed
rCold   + + .      Faith    .    (no shield)
rNeg    + + +      Spirit   .    F - +2 robe {rC+ rF+}
rPois   ∞          Reflect  .    y - +0 helmet
rElec   .          Harm     .    q - +2 cloak
rCorr   .          Rampage  .    z - +0 pair of gloves
Will    .....                    j - +1 pair of boots
Stlth   ++                       l - amulet of magic regeneration
HPRegen 0.00/turn                B - ring of see invisible
MPRegen 0.59/turn                f - ring of magical power

@: brilliant, about to teleport, animating dead (expiring), inhibited regen
A: claws 1, cold resistance 1, negative energy resistance 3, inhibited
regeneration, torment resistance 2, devour on kill
a: Renounce Religion, Unearth Wretches


You were on level 9 of the Dungeon.
You worshipped Kikubaaqudgha.
Kikubaaqudgha was aware of your devotion.
You visited 2 branches of the dungeon, and saw 10 of its levels.

You collected 534 gold pieces.

Inventory:

Hand Weapons
 o - a +2 sling of flaming
Missiles
 p - 4 throwing nets
 u - 7 javelins
Armour
 a - a +0 robe
 j - a +1 pair of boots (worn)
 q - a +2 cloak (worn)
 y - a +0 helmet (worn)
 z - a +0 pair of gloves (worn)
 F - a +2 robe of resistance (worn)
Jewellery
 f - a ring of magical power (right hand)
 g - a ring of wizardry
 l - an amulet of magic regeneration (around neck)
 n - a ring of ice
 v - a +6 ring of intelligence
 B - a ring of see invisible (left hand)
 D - a ring of resist corrosion
Wands
 d - a wand of light (15)
 m - a wand of paralysis (17)
 x - a wand of flame (8)
 E - a wand of digging (3)
Scrolls
 w - a scroll of poison
 A - 3 scrolls of teleportation
 G - a scroll of fog {unknown}
Potions
 b - a potion of magic
 e - 3 potions of might
 h - 2 potions of resistance
 i - a potion of degeneration
 k - 2 potions of mutation
 r - a potion of lignification
 s - a potion of curing
 t - 2 potions of attraction


   Skills:
 + Level 8.1 Fighting
 - Level 1.7 Dodging
 - Level 2.1 Stealth
 + Level 10.1 Unarmed Combat
 + Level 5.0 Spellcasting
 + Level 8.5 Necromancy


You had 9 spell levels left.
You knew the following spells:

 Your Spells              Type           Power      Damage    Failure   Level
a - Necrotise             Necr           100%       1d9       1%          1
b - Vampiric Draining     Necr           41%        2d8       1%          3
c - Animate Dead          Necr           41%        N/A       5%          4
d - Cigotuvi's Dreadful   Necr/Pois/Air  34%        N/A       9%          2

Your spell library contained the following spells:

 Spells                   Type           Power      Damage    Failure   Level
 Agony                    Necr           41%        N/A       14%         5
 Sandblast                Erth           10%        2d5       17%         1
 Summon Small Mammal      Summ           20%        N/A       17%         1
 Ensorcelled Hibernation  Hex/Ice        10%        N/A       26%         2
 Passwall                 Tmut/Erth      4%         N/A       26%         2
 Anguish                  Hex/Necr       11%        N/A       30%         4
 Call Canine Familiar     Summ           5%         N/A       45%         3
 Gell's Gravitas          Tloc           5%         N/A       45%         3
 Lesser Beckoning         Tloc           10%        N/A       45%         3
 Portal Projectile        Hex/Tloc       10%        N/A       45%         3
 Stone Arrow              Conj/Erth      10%        3d7       45%         3
 Summon Guardian Golem    Hex/Summ       5%         N/A       45%         3
 Teleport Other           Tloc           5%         N/A       45%         3
 Tukima's Dance           Hex            5%         N/A       45%         3
 Spider Form              Tmut/Pois      Unusable   N/A       N/A         3
 Blade Hands              Tmut           Unusable   N/A       N/A         5

Dungeon Overview and Level Annotations

Branches:
Dungeon (9/15)             Temple (1/1) D:5
   Lair: D:8-11         Orc: D:9-12

Altars:
Ashenzari
Cheibriados
Dithmenos
Fedhas
Gozag
Hepliaklqana
Kikubaaqudgha
Makhleb
Nemelex Xobeh
Okawaru
Qazlal
Ru
Sif Muna
Trog
Uskayaw
Vehumet
Wu Jian
Xom
Yredelemnul

Shops:
D:8 *

Annotations:
D:1 1 transporter
D:5 2 transporters, kae's ghost, novice DsTm


Innate Abilities, Weirdness & Mutations

You are immune to poison.
You have sharp fingernails.
Your flesh is cold resistant. (rC+)
You are immune to negative energy. (rN+++)
You do not regenerate when monsters are visible.
You are immune to unholy pain and torment.
You thrive by killing the living.


Message History

The bolt of fire hits your orc warrior zombie!!
The bolt of fire hits your orc priest zombie!!
Your orc priest zombie is destroyed!
The bolt of fire hits you! You resist.
* * * LOW HITPOINT WARNING * * *
There is an open door here.
As you read the scroll of identify, it crumbles to dust.
c - a potion of brilliance You feel clever all of a sudden.
Your reaping aura is weakening.
Something hits your orc zombie!
Your orc zombie is destroyed!
Casting: Necrotise (safe; 1% risk of failure)
Confirm with . or Enter, or press ? or * to list all spells.
Aiming: Vampiric Draining (safe; 1% risk of failure)
Press: ? - help, Shift-Dir - straight line, f - meliai
Aim: a meliai, wielding a +0 hand axe and wearing a +0 robe (wandering, hasn't noticed you)
You feel a surge of power!
The meliai buzzes angrily.
You draw life force from the meliai.
You feel life coursing into your body.
The meliai calls down the wrath of its god upon you.
Something smites you!
* * * LOW HITPOINT WARNING * * *
The meliai hits you with a +0 hand axe.
* * * LOW HITPOINT WARNING * * *
The meliai closely misses you.
Unknown command.
Okay, then.
As you read the scroll of teleportation, it crumbles to dust.
You feel strangely unstable. The meliai closely misses you. x2
The meliai barely misses you. The meliai stings you.
* * * LOW HITPOINT WARNING * * *
Casting: Vampiric Draining (safe; 1% risk of failure)
Confirm with . or Enter, or press ? or * to list all spells.
Aiming: Vampiric Draining (safe; 1% risk of failure)
Press: ? - help, Shift-Dir - straight line, f/p - meliai
Aim: a meliai, wielding a +0 hand axe and wearing a +0 robe (lightly wounded)
You feel a surge of power!
You draw life force from the meliai.
You feel life coursing into your body. The meliai hits you with a +0 hand axe!
You die...
Kikubaaqudgha rasps: "You have failed me!
Welcome... oblivion!"

#.......#...........#
#.......#...........#
#.......#...........#
##......#...........#
#......#...........#
#####............#
.........#########
88888...ey........
....888..#@.......
......8..#........
......88Z##...###.
.888...8..##+##
...8...8e.#
.=u8...8..#
=......8..#
u.8..8....#
.88..8....#


You could see a deep elf pyromancer and a meliai.

Vanquished Creatures
  Erica (D:8)
  Joseph (D:8)
  An unseen horror (D:8)
  Prince Ribbit (D:6)
  Grinder (D:6)
  Menkaure (D:5)
  2 steam dragons (D:7)
  2 water moccasins
  2 orc warriors
  An ice beast (D:7)
  3 ogres (D:6)
  2 centaurs
  A phantom (D:7)
  3 bullfrogs
  A gnoll sergeant (D:7)
  A necrophage (D:5)
  2 scorpions
  15 wights
  A howler monkey (D:4)
  2 hounds
  A gnoll bouda (D:4)
  A jelly (D:6)
  4 orc priests
  2 iguanas (D:5)
  Ijyb (D:5)
  3 orc wizards
  6 adders
  15 gnolls
  2 shadow imps (D:5)
  A white imp (D:5)
  2 ufetubi (D:5)
  A worm (D:5)
  22 orcs
  7 endoplasms
  3 giant cockroaches
  13 goblins
  6 hobgoblins
  4 jackals
  5 quokkas
  3 ball pythons
  4 bats
  A frilled lizard (D:3)
  9 kobolds
  6 rats
166 creatures vanquished.

Vanquished Creatures (collateral kills)
  An orc priest (D:9)
  An adder (D:4)
  An endoplasm (D:4)
3 creatures vanquished.

Vanquished Creatures (others)
  5 orc zombies
5 creatures vanquished.

Grand Total: 174 creatures vanquished

Notes
Turn   | Place    | Note
-------+----------+-------------------------------------------
     0 | D:1      | tsouns the Ghoul Necromancer began the quest for the Orb.
     0 | D:1      | Reached XP level 1. HP: 14/14 MP: 2/2
   101 | D:1      | You fall into a shaft and drop 1 floor!
   101 | D:2      | Found a hide-covered altar of Uskayaw.
   340 | D:2      | Reached XP level 2. HP: 22/22 MP: 0/3
   403 | D:2      | Reached skill level 1 in Unarmed Combat
   449 | D:2      | Reached skill level 1 in Fighting
   581 | D:1      | Reached XP level 3. HP: 16/28 MP: 1/5
  1543 | D:2      | Found a faded altar of an unknown god.
  1574 | D:2      | Learned a level 3 spell: Vampiric Draining
  1881 | D:3      | Reached skill level 2 in Unarmed Combat
  1881 | D:3      | Reached XP level 4. HP: 15/35 MP: 4/6
  2180 | D:3      | Noticed a scorpion
  2185 | D:3      | Killed a scorpion
  2186 | D:3      | Reached XP level 5. HP: 38/41 MP: 5/7
  2226 | D:3      | Learned a level 4 spell: Animate Dead
  2328 | D:3      | Found a sparkling altar of Nemelex Xobeh.
  2586 | D:4      | Reached skill level 3 in Unarmed Combat
  3163 | D:4      | Reached XP level 6. HP: 32/50 MP: 2/9
  3180 | D:3      | HP: 2/50 [gnoll/+0 club[a gnoll bouda] (2)]
  3377 | D:4      | Reached skill level 4 in Unarmed Combat
  3994 | D:5      | Entered Level 5 of the Dungeon
  4030 | D:5      | Reached skill level 5 in Necromancy
  4100 | D:5      | Noticed Ijyb
  4113 | D:5      | Killed Ijyb
  4258 | D:5      | Found a transporter.
  4260 | D:5      | Noticed kae's ghost (novice DsTm)
  4334 | D:5      | Reached XP level 7. HP: 33/57 MP: 3/10
  4466 | D:5      | Found a staircase to the Ecumenical Temple.
  4497 | Temple   | Entered the Ecumenical Temple
  4518 | Temple   | Became a worshipper of Kikubaaqudgha
  4568 | D:5      | Reached skill level 5 in Unarmed Combat
  5011 | D:5      | Found a transporter.
  5443 | D:6      | Noticed Grinder
  5448 | D:6      | Noticed Menkaure
  5456 | D:6      | Paralysed by Grinder for 5 turns
  5487 | D:5      | Killed Menkaure
  5488 | D:5      | Reached skill level 6 in Unarmed Combat
  5488 | D:5      | Reached XP level 8. HP: 20/67 MP: 11/11
  5879 | D:6      | Noticed Prince Ribbit
  5897 | D:6      | Killed Prince Ribbit
  5898 | D:6      | Reached skill level 5 in Fighting
  5898 | D:6      | Reached skill level 7 in Unarmed Combat
  6261 | D:6      | Found an iron altar of Okawaru.
  6534 | D:6      | Paralysed by Grinder for 5 turns
  6554 | D:6      | Killed Grinder
  6555 | D:6      | Reached skill level 8 in Unarmed Combat
  6707 | D:7      | Reached XP level 9. HP: 72/75 MP: 12/12
  6790 | D:7      | Reached * piety under Kikubaaqudgha
  6790 | D:7      | Received a gift from Kikubaaqudgha
  6794 | D:7      | Learned a level 2 spell: Cigotuvi's Dreadful Rot
  7192 | D:7      | Reached skill level 9 in Unarmed Combat
  7379 | D:7      | Found a shimmering altar of Xom.
  8064 | D:8      | Noticed Erica
  8675 | D:8      | Reached XP level 10. HP: 63/86 MP: 15/15
  8751 | D:8      | Noticed an unseen horror
  8762 | D:8      | Killed an unseen horror
  9298 | D:8      | Found Wivu's General Store.
  9367 | D:8      | Noticed Joseph
  9373 | D:8      | Killed Erica
  9388 | D:8      | Killed Joseph
  9389 | D:8      | Reached skill level 10 in Unarmed Combat
  9620 | D:8      | Found a sacrificial altar of Ru.
  9624 | D:8      | Found a shadowy altar of Dithmenos.
  9624 | D:8      | Found a shimmering blue altar of Sif Muna.
  9624 | D:8      | Found a blossoming altar of Fedhas.
  9625 | D:8      | Found a hide-covered altar of Uskayaw.
  9626 | D:8      | Found a basalt altar of Yredelemnul.
  9627 | D:8      | Found a stormy altar of Qazlal.
  9628 | D:8      | Found a broken altar of Ashenzari.
  9629 | D:8      | Found a burning altar of Makhleb.
  9733 | D:9      | Reached skill level 5 in Spellcasting
  9743 | D:9      | Noticed a deep elf pyromancer
  9748 | D:9      | Noticed a manticore
  9749 | D:9      | Noticed a white ugly thing
  9758 | D:9      | Slain by a meliai

Illustrated notes

Levels and vault maps discovered:
D:1:      spicycebolla_arrival_risky_transporter, layout_rooms,
          serial_park_tiny_pond
D:2:      layout_loops_ring, shapermc_ecumenical_altar_hornbeckon, basic_altar,
          guppyfry_early_orc_mine
D:3:      layout_loops_ring, mainiacjoe_overflow_six_doors_small
D:4:      layout_basic, minmay_box_of_dots
D:5:      layout_basic, temple_doors_e, gammafunk_ghost_stat_death, minivault_5,
          minivault_27, uniq_ijyb
D:6:      layout_gridville, mainiacjoe_overflow_24_doors, grunt_ministairs_12,
          uniq_menkaure, uniq_grinder, uniq_prince_ribbit1
D:7:      layout_basic, xom_teletrap_fun
D:8:      layout_rooms, minitemple, serial_shops, nicolae_shop_behind_doors,
          uniq_joseph, uniq_erica
D:9:      layout_gridville, minmay_radiant
Temple:   hellmonk_temple_micro_hex

Skill      XL: |  1  2  3  4  5  6  7  8  9 10 |
---------------+-------------------------------+-----
Spellcasting   | 2 4 5 |  5.0
Unarmed Combat | 1 2 3 4 6 8 9 10 | 10.1
Fighting       | 1 2 3 4 5 7 8 |  8.1
Necromancy     | 5 6 7 8 |  8.5
Dodging        | |  1.7
Stealth        | |  2.1

Action                   |  1- 3 |  4- 6 |  7- 9 | 10-12 || total
-------------------------+-------+-------+-------+-------++-------
Melee: Unarmed           |   130 |   168 |   341 |    59 ||   698
       Punch             |     2 |     5 |    12 |     4 ||    23
Throw: Javelin           |       |       |     7 |       ||     7
 Cast: Necrotise         |    26 |    31 |    19 |     9 ||    85
       Vampiric Draining |       |    12 |    24 |    13 ||    49
       Animate Dead      |       |     2 |     3 |     1 ||     6
       Cigotuvi's Dreadf |       |       |     2 |       ||     2
Evoke: Wand              |       |       |    22 |       ||    22
  Use: Scroll            |       |    12 |     4 |     2 ||    18
       Potion            |       |       |     2 |     1 ||     3
 Stab: Sleeping          |     2 |     3 |       |       ||     5
       Paralysed         |       |       |     9 |       ||     9
       Invisible         |       |       |     5 |       ||     5
Armor: Robe              |    37 |    41 |   102 |     8 ||   188
Dodge: Dodged            |    72 |   115 |   192 |    32 ||   411

Table legend: (Time is in decaauts)
 A = Elapsed time spent in this place.
 B = Non-inter-level travel time spent in this place.
 C = Inter-level travel time spent in this place.
 D = Time resting spent in this place.
 E = Time spent auto-exploring this place.
 F = Levels seen in this place.
 G = Mean time per level.
                   A        B        C        D        E       F      G
               +--------+--------+--------+--------+--------+-----+--------+
         Total |   9700 |   9258 |    442 |    112 |   7118 |  10 |  970.0 |
       Dungeon |   9671 |   9241 |    430 |    112 |   7118 |   9 | 1074.6 |
        Temple |     28 |     16 |     12 |      0 |      0 |   1 |   28.0 |
               +--------+--------+--------+--------+--------+-----+--------+

Top non-repeatable levels by time:
     D:7: 1631 daAuts
     D:5: 1532 daAuts
     D:8: 1317 daAuts
     D:4: 1198 daAuts
     D:6: 1110 daAuts
     D:3: 1091 daAuts
     D:2: 1024 daAuts
     D:1: 680 daAuts
     D:9: 85 daAuts
  Temple: 28 daAuts
